← All builds
Tech / Armada / Economy first / OBSERVED BUILD

Standard tech

Armada Tech (Eco) build order · Supreme Isthmus

Rushes T2 factory and T2 constructor to supply the team, upgrading mexes first and sending the first T2 constructor to Geo before scaling its own eco.

Usually first T2 con to Geo (82%)

#eco #t2 #team support · 1779 distinct matches · 271 players · 59% of Armada Tech games · team won 54% of 2103 · Recently observed

HOW TO PLAY IT

Key timing: T2 factory by 4:15

  1. Open 3 mex and heavy wind to fund a fast T2 rush.
  2. Put down Bot Lab, planning to eat it for reclaim soon after.
  3. Get Advanced Bot Lab up, hitting the T2 factory rush timing.
  4. Upgrade mex to Advanced Metal Extractor to lock in team metal income.
  5. Eat Advanced Bot Lab and keep sending cons to Geo and Pond.

Phase by phase

TYPICAL OF ITS 1779 GAMES
  1. 1
  2. 2
  3. 3
  4. 4
PLAY THE OPENING

Follow the example game's first 6:00 step by step: what to build now, what comes next, and where it goes. At 1× it keeps pace with your own game.

  1. 1

    Up to the Bot Lab

    Economy
    • Metal Extractor3Mex
    • Wind Turbine4Wind
    Order
    1. Bot LabBot Lab after 3 mex, 4 winddone ~1:18, middle half 1:13–1:32

    Some games also: energy storage (32%)

    By 1:01 in all: 3 mex · 4 wind

    The example game in this phase · 3 steps
    1. Mex ×3
    2. Wind ×4
    3. Bot LabBot Labdone 1:16 · typical 1:18
  2. 2

    Bot Lab to Advanced Bot Lab

    Economy
    • Metal Extractor1Mex
    • Wind Turbine8Wind
    • Energy Storage1Energy storage
    Order
    1. Advanced Bot LabAdvanced Bot Lab after 4 mex, 12 wind, 3 con turretdone ~4:16, middle half 4:04–4:30
    Builders
    • Construction Turret3 Con turret
    • Lazarus3 Lazarus
    • Construction Bot2 Con bot
    • Construction Bot1 Con bot for allies

    Some games also: converter (36%)

    By 3:18 in all: 4 mex · 12 wind · 1 energy storage · 3 con turret

    The example game in this phase · 17 steps
    1. Wind
    2. LazarusLazarus ×2
    3. Wind ×2
    4. LazarusLazarus
    5. Construction BotCon bot
    6. Wind
    7. LazarusLazarus
    8. Wind
    9. Construction BotCon botfor Air
    10. Energy storage
    11. LazarusLazarus
    12. Mex
    13. Construction BotCon bot
    14. Con turret
    15. Converter
    16. Con turret ×2
    17. Advanced Bot LabAdvanced Bot Labdone 4:04 · typical 4:16
  3. 3

    Advanced Bot Lab to 5:00

    Economy
    • Wind Turbine3Wind
    Order
    1. Bot LabEat Bot Lab
    Builders
    • Advanced Construction Bot1 T2 con bot for allies

    Some games also: converter (35%)

    By 5:00 in all: 4 mex · 15 wind · 1 converter · 1 energy storage · 3 con turret

    The example game in this phase · 11 steps
    1. Converter
    2. Bot LabEat Bot Labreclaimed for its metal
    3. Con turret
    4. Advanced Construction BotT2 con botfor Geo
    5. Converter
    6. Advanced Metal ExtractorT2 mexdone 5:11 · typical 5:28
    7. Converter ×2
    8. Advanced Construction BotT2 con bot
    9. FatboyFatboyfor Ponddone 5:36
    10. Converter
    11. Solar ×3
  4. 4

    5:00 to 10:00

    Economy
    • Wind Turbine43Wind
    • Energy Converter6Converter
    Builders
    • Butler9 Butler
    • Advanced Construction Bot4 T2 con bot for allies
    • Advanced Construction Bot1 T2 con bot

    Some games also: con turret (42%) · Butler for allies (36%)

    By 10:00 in all: 4 mex · 59 wind · 8 converter · 1 energy storage · 3 con turret

    The example game in this phase · 157 steps
    1. Advanced Construction BotT2 con botfor Beach sea
    2. Wind ×5
    3. Advanced Metal ExtractorT2 mex
    4. Advanced Construction BotT2 con bot
    5. Wind ×3
    6. Advanced Metal ExtractorT2 mex
    7. Wind ×4
    8. Converter ×2
    9. ArchangelArchangel ×2done 6:54
    10. Wind
    11. Advanced Construction BotT2 con botfor Suicide front
    12. Wind ×12
    13. Advanced Construction BotT2 con botfor Air
    14. Advanced Metal ExtractorT2 mex
    15. Wind ×2
    16. Advanced Construction BotT2 con botfor Geo sea
    17. ButlerButler ×2
    18. Wind
    19. Converter
    20. Wind
    21. Advanced Construction BotT2 con bot
    22. Wind
    23. Con turret
    24. Wind
    25. Con turret
    26. Converter
    27. Wind
    28. Converter
    29. Wind ×2
    30. Converter
    31. ButlerButler ×2
    32. Wind
    33. Fusion ReactorFusiondone 10:41
    34. Converter
    35. Wind
    36. ButlerButler
    37. Wind
    38. Converter
    39. Wind
    40. UmbrellaAnti-nukenot finished by 15:00
    41. Converter
    42. Wind ×2
    43. Converter
    44. Wind ×3
    45. Converter
    46. Energy storage
    47. Wind ×2
    48. Converter
    49. Wind ×2
    50. Converter
    51. Wind ×2
    52. TracerTracer
    53. Converter
    54. Wind ×3
    55. Converter
    56. Wind
    57. PlatypusPlatypus
    58. Wind ×3
    59. Converter
    60. Wind
    61. PlatypusPlatypus
    62. Wind ×2
    63. Converter
    64. PlatypusPlatypus
    65. Wind ×3
    66. PlatypusPlatypus
    67. Converter
    68. Wind
    69. PlatypusPlatypus
    70. Wind ×3
    71. PlatypusPlatypus
    72. Converter
    73. Wind ×2
    74. PlatypusPlatypus
    75. Wind
    76. Converter
    77. PlatypusPlatypus
    78. Wind ×3
    79. PlatypusPlatypus
    80. Converter
    81. Wind ×2
    82. PlatypusPlatypus
    83. Wind
    84. PlatypusPlatypus
    85. Wind
    86. Converter
    87. Wind
    88. PlatypusPlatypus
    89. Wind ×3
    90. PlatypusPlatypus
    91. Converter
    92. Wind
    93. PlatypusPlatypus
    94. Wind ×2
    95. PlatypusPlatypus
    96. Converter
    97. Wind ×2
    98. PlatypusPlatypus
    99. Wind
    100. Converter
    101. PlatypusPlatypus
    102. Wind ×3
    103. PlatypusPlatypus
    104. Wind ×2
    105. Converter
    106. PlatypusPlatypus
    107. Wind ×2
    108. PlatypusPlatypus
    109. Wind
    110. Converter
    111. PlatypusPlatypus
    112. Wind ×2
    113. PlatypusPlatypus
    114. Wind
    115. Converter
    116. Wind ×2
    117. PlatypusPlatypus
    118. Wind
    119. PlatypusPlatypus
    120. Wind
    121. Converter
    122. Wind
    123. PlatypusPlatypus
    124. Wind ×2
    125. PlatypusPlatypus
    126. Wind
    127. Converter
    128. Wind
    129. PlatypusPlatypus
    130. Wind
    131. PlatypusPlatypus
    132. Wind ×2
    133. Converter
    134. PlatypusPlatypus
    135. UmbrellaAnti-nuke
    136. Wind ×3
    137. Converter
    138. Wind ×4
    139. Converter
    140. Wind ×3
    141. Converter
    142. Advanced Fusion ReactorAdvanced Fusion Reactornot finished by 15:00
    143. Wind ×3
    144. Converter
    145. Wind ×4
    146. Converter
    147. Wind ×3
    148. Con turret
    149. Wind
    150. Metal storage
    151. Wind
    152. Converter
    153. Wind ×2
    154. Con turret
    155. Wind
    156. Converter
    157. Wind ×4

Counts are medians over the build's games: half of them build more, half fewer. The example game is zeus_on_god's (37 OS, 15/10/2026); pick another.

Team trades

IN AT LEAST 30% OF ITS GAMES

You hand over

  • Construction Bot1 Con bot to Airfirst at 2:23 · in 83% of games
  • Advanced Construction Bot5 T2 con bot to Air or Pond or Geo seafirst at 4:51 · in 99% of games
  • Butler2 Butler to Geo sea or Beach sea or Pondfirst at 9:06 · in 42% of games

You get

  • Hercules1 Light transport from Airfirst at 4:01 · in 86% of games

How it plays out

Typical game of this build, running totals by minute

Metal produced

020k40k
0:005:0010:0015:00

metal

Enemy metal destroyed

050100
0:005:0010:0015:00

metal

Own metal lost

050100150
0:005:0010:0015:00

metal

2103 games.

Show as table
ByMetal produced: This buildEnemy metal destroyed: This buildOwn metal lost: This build
1:0038300
2:0091500
3:00165500
4:00314800
5:00484700
6:00580500
7:00724700
8:00908400
9:001121800
10:001354500
11:001626000
12:001967800
13:002346800
14:0027372074
15:003159093130
WHAT THE NUMBERS SAY

Standard Tech play barely fights at all early, instead pouring metal into T2 infrastructure and constructors for the team.

  • + Metal produced hits 31679 by 15:00, by far the highest of any role here.
  • + T2 factory reached in 97% of games by 4:15, fastest and most reliable T2 timing.
  • − Enemy metal destroyed stays at 0 through 10:00, no early offense at all.
  • − Own metal lost also near 0, showing total avoidance of combat risk.
THE EXAMPLE YOU ARE READING

zeus_on_god

37.2 OS · 15/10/2026

Open source match ↗

2 received units
2923 metal received · 108539 energy received

Allied construction assistance is unknown. Timings are observations, not a promise of solo reproducibility.

Typical milestones

Bot Lab1:18Middle 50%: 1:13–1:32 · n=2103
Advanced Bot Lab4:16Middle 50%: 4:04–4:30 · n=2096
Advanced Metal Extractor5:28Middle 50%: 5:05–5:58 · n=2099

Played most by

Amrissa97games of this buildTheGeneraI70games of this buildAdeus62games of this buildUncle_Cane60games of this buildCrouxy54games of this build
Standard tech · Armada Tech (Eco) build order · BAR Build Atlas